 Dungeon Crawl Stone Soup version 0.17.2-1-ge4368a0 (webtiles) character file.

675 rlgrobin the Insei (level 7, -1/56 HPs)
             Began as a Mummy Monk on Apr 15, 2017.
             Slain by a killer bee (5 damage)
             ... in the Ecumenical Temple.
             The game lasted 00:11:00 (7223 turns).

rlgrobin the Insei (Mummy Monk)                     Turns: 7223, Time: 00:11:00

Health: -1/56      AC:  3    Str: 14    XL:     7   Next: 33%
Magic:  7/7        EV: 15    Int:  9    God:
Gold:   212        SH:  0    Dex: 17    Spells: 0 memorised, 6 levels left

rFire  x . .     SeeInvis .       - Unarmed
rCold  + . .     Clarity  .     (no armour)
rNeg   + + +     SustAt   .     (no shield)
rPois  ∞         Gourm    .     b - +0 helmet
rElec  .         Spirit   .     g - +1 cloak
rCorr  .         Warding  .     (no gloves)
rMut   .         Stasis   .     (no boots)
MR     .....                    (no amulet)
Stlth  ++........               (no ring)
                                (no ring)

@: not resistant to hostile enchantments, unstealthy
A: no food or potions, fire vulnerability, cold resistance 1, negative energy
resistance 3, torment resistance, unbreathing
a: no special abilities


You were in the Ecumenical Temple.
You were not hungry.

You visited 2 branches of the dungeon, and saw 7 of its levels.

You collected 212 gold pieces.


Innate Abilities, Weirdness & Mutations

You do not eat or drink.
Your flesh is vulnerable to fire.
You are immune to poison.
Your flesh is cold resistant.
You are immune to negative energy.
You are immune to unholy pain and torment.
You can survive without breathing.


   Skills:
 - Level 5.0 Fighting
 - Level 4.5 Dodging
 - Level 1.5 Stealth
 + Level 5.4 Unarmed Combat


You had 6 spell levels left.
You didn't know any spells.

Inventory:

Hand Weapons
 n - the +11 dagger of the Shark {elec, rC+ Int+5, unknown} Occasionally, upon striking a foe, it will discharge some electrical energy and cause terrible harm. It affects your intelligence (+5). It protects you from cold.
Missiles
 c - 8 large rocks (quivered) {=f}
Armour
 b - a +0 helmet (worn)
 e - a +0 robe
 g - a +1 cloak (worn)
Jewellery
 j - an uncursed amulet of warding {unknown}
Scrolls
 a - a scroll of teleportation {unknown}
 d - 3 scrolls of remove curse
 f - 3 scrolls of amnesia
 h - a scroll of blinking
 i - a scroll of immolation {!r}
 k - a scroll of random uselessness
 l - a scroll of noise {!r}
 m - a scroll of magic mapping

Dungeon Overview and Level Annotations

Branches:
Dungeon (6/15)             Temple (1/1) D:4

Altars:
Ashenzari
Cheibriados
Dithmenos
Elyvilon
Fedhas
Gozag
Kikubaaqudgha
Nemelex Xobeh
Okawaru
Qazlal
Ru
Sif Muna
Trog
Vehumet
Xom
Yredelemnul
The Shining One

Shops:
D:5 =   D:6 ?

Annotations:
D:3 exclusion: downstairs
D:4 Dowan, Grinder
D:5 Water, exclusion: upstairs, Edmund
D:6 exclusions: orc and orc wizard

...▒
▒...▒▒▒...▒
▒...▒▒▒...▒
▒... .▒▒▒
▒▒▒..▒..▒▒▒
▒▒▒..▒..▒▒▒
▒▒▒. ▒▒
▒▒...▒▒
▒▒...▒▒ ▒▒
.▒▒▒
▒▒▒..▒..▒▒▒
▒▒▒..▒..▒▒▒
▒▒▒. ...▒
▒...▒▒▒...▒
▒...▒▒▒...▒
▒...
▒▒.▒▒▒.▒▒▒
▒▒▒.▒▒▒.▒▒▒
▒▒▒.▒▒▒.▒▒
▒..▒..▒
▒..▒..▒
▒..▒..▒
▒▒...▒▒
▒▒...▒▒
▒▒...▒▒
▒▒.▒▒ ▒yM.▒
▒▒.▒▒
▒▒...▒▒
▒▒...▒▒
▒▒...▒▒
▒..▒..▒
▒..▒..▒
▒..▒..▒
▒▒.▒▒▒.▒▒▒
▒▒▒.▒▒▒.▒▒▒
▒▒▒.▒▒▒.▒▒
...▒
▒...▒▒▒...▒
▒...▒▒▒...▒
▒... .▒▒▒
▒▒▒..▒..▒▒▒
▒▒▒..▒..▒▒▒
▒▒▒. ▒▒
▒▒...▒▒
▒▒...▒▒ ▒▒
.▒▒▒
▒▒▒..▒..▒▒▒
▒▒▒..▒..▒▒▒
▒▒▒. ...▒
▒...▒▒▒...▒
▒...▒▒▒...▒
▒...


You could see a killer bee.


Message History

The killer bee is moderately wounded!
The killer bee barely misses you!
The killer bee stings you but does no damage!
You closely miss the killer bee!
The killer bee is moderately wounded!
The killer bee stings you! * * * don't die
* * * The killer bee closely misses you!
You take 3 damage, and have 17/56 hp!
You barely miss the killer bee!
The killer bee is moderately wounded!
The killer bee stings you! * * * don't die
* * * You take 1 damage, and have 16/56 hp!
You barely miss the killer bee!
The killer bee is moderately wounded!
The killer bee stings you! * * * don't die
* * * The killer bee stings you! * * * don't die
* * * You take 5 damage, and have 11/56 hp!
You pulverise the killer bee!
The killer bee is heavily wounded!
The killer bee closely misses you!
The killer bee stings you!!! * * * don't die
* * * You take 7 damage, and have 4/56 hp!
You pulverise the killer bee!
The killer bee is severely wounded!
The killer bee misses you! The killer bee stings you! rip

Action                   |  1- 3 |  4- 6 |  7- 9 || total
-------------------------+-------+-------+-------++-------
Melee: Unarmed           |   106 |   252 |    58 ||   416
  Use: Scroll            |       |     7 |       ||     7
 Stab: Sleeping          |     5 |     6 |       ||    11
       Held in net/web   |       |     1 |       ||     1

Vault maps used:
D:1:      lightli_molten_gateway
D:2:      grunt_temple_overflow_diamond, uniq_jessica
D:3:      old_standard_altar
D:4:      grunt_temple_overflow_opulence, temple_statues, uniq_grinder,
          uniq_duvessa
D:5:      yredelemnul_forgotten_temple_becter, serial_shops, shop, first_bread,
          minmay_misc_feat_nine_boxes, minmay_strange_pillars,
          hangedman_glass_garden, uniq_edmund
D:6:      serial_shops, shop_fountains
Temple:   roderic_octagonal_lattice_temple

Notes
Turn   | Place    | Note
--------------------------------------------------------------
     0 | D:1      | rlgrobin the Mummy Monk began the quest for the Orb.
     0 | D:1      | Reached XP level 1. HP: 18/18 MP: 1/1
   542 | D:1      | Reached XP level 2. HP: 20/24 MP: 2/2
  1587 | D:2      | Found a shadowy altar of Dithmenos.
  1590 | D:2      | Found a glowing golden altar of the Shining One.
  1593 | D:2      | Found a stormy altar of Qazlal.
  1690 | D:2      | Reached skill level 4 in Unarmed Combat
  1744 | D:2      | Reached XP level 3. HP: 6/29 MP: 3/3
  2031 | D:2      | Noticed Jessica
  2042 | D:2      | Killed Jessica
  2237 | D:2      | Reached XP level 4. HP: 19/35 MP: 4/4
  2707 | D:3      | Found a sacrificial altar of Ru.
  2847 | D:3      | Reached skill level 5 in Unarmed Combat
  3531 | D:3      | Reached XP level 5. HP: 36/41 MP: 5/5
  3853 | D:4      | Noticed Grinder
  3961 | D:4      | Reached skill level 4 in Fighting
  4575 | D:5      | Entered Level 5 of the Dungeon
  4625 | D:5      | Found Jicuas's Jewellery Boutique.
  4676 | D:5      | Reached skill level 5 in Fighting
  4678 | D:5      | Noticed an ogre
  4700 | D:4      | Noticed Dowan
  4734 | D:4      | Found an opulent altar of Gozag.
  4735 | D:4      | Found a sparkling altar of Nemelex Xobeh.
  4834 | D:5      | HP: 4/44 [scorpion (8)]
  5141 | D:5      | Reached XP level 6. HP: 34/51 MP: 6/6
  5489 | D:5      | Reached skill level 3 in Dodging
  5656 | D:5      | Found a basalt altar of Yredelemnul.
  5764 | D:5      | Noticed Edmund
  5867 | D:5      | Killed an ogre
  6131 | D:6      | Found Silurhim's Magic Scroll Shoppe.
  6319 | D:6      | Reached skill level 4 in Dodging
  6376 | D:6      | Reached XP level 7. HP: 18/56 MP: 7/7
  6894 | D:4      | Got an encrusted dagger
  6903 | D:4      | Found a staircase to the Ecumenical Temple.
  6935 | Temple   | Entered the Ecumenical Temple
  7222 | Temple   | HP: 4/56 [killer bee (7)]
  7223 | Temple   | Slain by a killer bee

Vanquished Creatures
  An ogre (D:5)
  A giant frog (D:6)
  3 scorpions
  A killer bee (Temple)
  A hound (D:4)
  A centaur skeleton (D:4)
  Jessica (D:2)
  4 worker ants
  A hound skeleton (D:4)
  7 adders
  An adder skeleton (D:5)
  2 worms
  3 giant geckos
  2 orcs
  3 ball pythons
  5 bats
  7 goblins
  6 hobgoblins
  4 jackals (D:3)
  3 quokkas
  3 giant cockroaches
  2 giant newts
  A jackal skeleton (D:4)
  9 kobolds
  7 rats
  A spectral orc (D:5)
  A butterfly (D:5)
81 creatures vanquished.
